 Dungeon Crawl Stone Soup version 0.31-a0-214-gb37851dbb3 (webtiles) character file.

Game seed: 14111883397340758884

2891 qw the Blocker (level 9, -5/54 HPs)
             Began as a Gargoyle Fighter on July 1, 2023.
             Killed by divine providence
             ... invoked by an orc priest
              (13 damage)
             ... on level 7 of the Dungeon.
             The game lasted 00:02:59 (4918 turns).

qw the Blocker (Gargoyle Fighter)                   Turns: 4918, Time: 00:03:00

Health: -5/54      AC: 20    Str: 24    XL:     9   Next: 77%
Magic:  9/9        EV:  5    Int:  9    God:
Gold:   307        SH: 15    Dex:  9    Spells: 8/8 levels left

rFire   . . .        Y - +3 war axe
rCold   . . .        k - +0 tower shield
rNeg    + . .        n - +0 plate armour
rPois   inf          (no helmet)
rElec   +            i - +0 cloak
rCorr   +            h - +0 pair of gloves
SInv    .            (no boots)
Will    .....        (no amulet) Stlth
                     f - ring of resist corrosion
HPRegen 0.29/turn    (no ring)
MPRegen 0.11/turn

%: no passive effects
@: no status effects
A: sickness immunity, AC +6, negative energy resistance 1, electricity
resistance, torment resistance 1, petrification resistance
a: no special abilities


You were on level 7 of the Dungeon.
You visited 2 branches of the dungeon, and saw 8 of its levels.

You collected 307 gold pieces.


Innate Abilities, Weirdness & Mutations

You are immune to sickness and miasma.
Your stone body is resilient. (AC +6)
You are immune to poison.
You resist negative energy. (rN+)
You are resistant to electric shocks. (rElec)
You are resistant to unholy torment.
You are immune to petrification.


   Skills:
 - Level 5.1 Fighting
 + Level 7.1 Axes
 - Level 4.3 Armour
 - Level 1.6 Dodging
 - Level 11.0 Shields


You had 8 spell levels left.
You didn't know any spells.
Your spell library was empty.

Inventory:

Hand Weapons
 p - a +2 morningstar
 Y - a +3 war axe (weapon)
Armour
 h - a +0 pair of gloves (worn)
 i - a +0 cloak (worn)
 k - a +0 tower shield (worn)
 n - a +0 plate armour (worn)
Jewellery
 f - a ring of resist corrosion (left hand)
Scrolls
 a - a scroll of identify
Potions
 b - a potion of magic
 c - a potion of attraction {unknown}
 d - 3 potions of might
 g - 2 potions of curing
 l - a potion of mutation {unknown}
 m - a potion of enlightenment

Dungeon Overview and Level Annotations

Branches:
Dungeon (7/15)             Temple (1/1) D:5

Altars:
Dithmenos
Elyvilon
Fedhas
Gozag
Hepliaklqana
Kikubaaqudgha
Nemelex Xobeh
Sif Muna
Trog
Uskayaw
Vehumet
Wu Jian
Yredelemnul
Zin
The Shining One

Shops:
D:5 :

Annotations:
D:3 2 transporters, qw's ghost, amateur MiHs


Message History

You hit the orc warrior but do no damage.
The orc warrior is almost dead.
You hit the orc.
You kill the orc!
You block the orc warrior's attack.
You hit the orc warrior but do no damage.
The orc warrior is almost dead.
The orc warrior hits you but does no damage.
The orc warrior hits you with a +1 trident of pain!
You writhe in agony.
You hit the orc warrior but do no damage.
The orc warrior is almost dead.
The orc warrior hits you but does no damage.
You hit the orc warrior.
You kill the orc warrior!
Your Armour skill increases to level 4!
You start resting.
An orc priest comes into view. It is wielding a +0 whip.
The orc priest shouts!
The orc priest invokes the aid of Beogh against you.
Beogh smites you!
Things that are here:
a +1 trident of pain; a +0 plate armour You barely miss the orc priest.
The orc priest hits you with a +0 whip.
The orc priest looks braver for a moment.
You slash the orc priest!
The orc priest is heavily wounded.
The orc priest invokes the aid of Beogh against you.
Beogh smites you!
You barely miss the orc priest.
The orc priest is heavily wounded.
You block the orc priest's attack.
You hit the orc priest.
The orc priest is heavily wounded.
You block the orc priest's attack.
An orc priest comes into view. It is wielding a +0 dagger.
The orc priest mumbles some strange prayers to Beogh against you.
Beogh smites you!
You die...

# ## # .# ##.#
.####.#
##...###o....###
##.#.#..@)..#...
#........?..#.#
##..#.#).#.....#
.........#...### .
##.##.....$..#
###..##.##.#.#.).##
........o.#.##=.#
#.. #..#.#.##[.#
###..##..#...(.[>#


You could see 2 orc priests.

Vanquished Creatures
  Grinder (D:3)
  Sigmund (D:3)
  Eustachio (D:6)
  Menkaure (D:5)
  A water moccasin (D:7)
  4 black bears
  2 orc warriors (D:7)
  A sky beast (D:6)
  An ogre (D:4)
  A centaur (D:7)
  A phantom (D:6)
  Blork the orc (D:5)
  2 bullfrogs
  A scorpion (D:5)
  8 wights (D:7)
  2 howler monkeys
  A hound (D:6)
  3 orc priests
  A gnoll bouda (D:6)
  Jessica (D:3)
  Ijyb (D:3)
  3 iguanas
  5 gnolls (D:6)
  9 adders
  A shadow imp (D:7)
  A white imp (D:5)
  An ufetubus (D:6)
  3 worms
  A dart slug (D:1)
  18 orcs
  2 bats
  4 endoplasms
  4 giant cockroaches
  8 hobgoblins
  3 jackals (D:4)
  4 quokkas
  6 ball pythons
  5 frilled lizards
  11 goblins
  3 kobolds
  4 rats
132 creatures vanquished.

Notes
Turn   | Place    | Note
-------+----------+-------------------------------------------
     0 | D:1      | qw the Gargoyle Fighter began the quest for the Orb.
     0 | D:1      | Reached XP level 1. HP: 14/14 MP: 1/1
     0 | D:1      | 0 ||| qw: Version: 0.3-a-32-g5962c71
     0 | D:1      | 0 ||| qw: Game counter: 7363
     0 | D:1      | 0 ||| qw: Melee chars always use a shield: true
     0 | D:1      | 0 ||| qw: God list: Okawaru
     0 | D:1      | 0 ||| qw: Allow faded altars: false
     0 | D:1      | 0 ||| qw: Do Orc after clearing Dungeon:15 true
     0 | D:1      | 0 ||| qw: Do second Lair branch before Depths: true
     0 | D:1      | 0 ||| qw: Lair rune preference: random
     0 | D:1      | 0 ||| qw: Goals: Normal, Zot:1-4, Slime:5, God:TSO, Crypt,
                  | Tomb, Abyss, Pan, Hells, Win
     0 | D:1      | 0 ||| PLANNING D:1-11
    32 | D:1      | 32 ||| Stepping ~*~*~tactically~*~*~ (hiding).
    88 | D:1      | Reached XP level 2. HP: 19/19 MP: 2/2
   282 | D:1      | Found a faded altar of an unknown god.
   345 | D:1      | Reached skill level 3 in Axes
   424 | D:1      | 424 ||| DROPPING +0 club.
   425 | D:1      | 425 ||| UPGRADING to +0 chain mail.
   435 | D:1      | 435 ||| DROPPING +0 scale mail.
   436 | D:1      | 436 ||| UPGRADING to +0 tower shield.
   446 | D:1      | 446 ||| DROPPING +0 buckler.
   447 | D:1      | 447 ||| READING 4 scrolls labelled MENNUPS KADGH.
   448 | D:1      | 448 ||| READING scroll labelled TUONTU FOTOEC.
   449 | D:1      | 449 ||| READING 3 scrolls of identify.
   449 | D:1      | 449 ||| IDENTIFYING brown potion
   450 | D:1      | 450 ||| DROPPING potion of invisibility.
   469 | D:2      | 469 ||| Stepping ~*~*~tactically~*~*~ (stealth).
   474 | D:2      | Reached XP level 3. HP: 23/23 MP: 3/3
   650 | D:2      | 650 ||| Stepping ~*~*~tactically~*~*~ (stealth).
   651 | D:2      | 651 ||| Stepping ~*~*~tactically~*~*~ (stealth).
   878 | D:2      | Reached skill level 4 in Shields
  1098 | D:2      | 1098 ||| UPGRADING to +0 pair of gloves.
  1103 | D:2      | 1103 ||| READING 2 scrolls labelled HABYSU URUITZ.
  1104 | D:2      | 1104 ||| READING scroll of enchant weapon.
  1104 | D:2      | 1104 ||| ENCHANTING +1 war axe.
  1105 | D:2      | 1105 ||| READING scroll labelled OMAULU KAASY.
  1106 | D:2      | 1106 ||| READING 4 scrolls of identify.
  1106 | D:2      | 1106 ||| IDENTIFYING pink potion
  1107 | D:2      | 1107 ||| READING 3 scrolls of identify.
  1107 | D:2      | 1107 ||| IDENTIFYING orange potion
  1108 | D:2      | 1108 ||| READING 2 scrolls of identify.
  1108 | D:2      | 1108 ||| IDENTIFYING white potion
  1109 | D:2      | 1109 ||| DROPPING potion of degeneration.
  1148 | D:3      | Noticed Grinder
  1152 | D:3      | Paralysed by Grinder for 4 turns
  1157 | D:3      | 1157 ||| FLEEEEING.
  1161 | D:3      | 1161 ||| FLEEEEING.
  1162 | D:3      | 1162 ||| FLEEEEING.
  1170 | D:3      | 1170 ||| STAIRDANCE
  1189 | D:3      | Killed Grinder
  1190 | D:3      | Reached skill level 6 in Shields
  1190 | D:3      | Reached XP level 4. HP: 26/28 MP: 4/4
  1190 | D:3      | Reached XP level 5. HP: 30/32 MP: 5/5
  1190 | D:3      | Reached XP level 6. HP: 35/37 MP: 6/6
  1239 | D:3      | Noticed qw's ghost (amateur MiHs)
  1240 | D:3      | Found a transporter.
  1241 | D:3      | Found a transporter.
  1449 | D:3      | Noticed Sigmund
  1463 | D:3      | Killed Sigmund
  1464 | D:3      | Reached skill level 7 in Shields
  1514 | D:3      | Noticed Jessica
  1515 | D:3      | 1515 ||| Stepping ~*~*~tactically~*~*~ (hiding).
  1525 | D:3      | Killed Jessica
  1526 | D:3      | Reached XP level 7. HP: 25/41 MP: 7/7
  1641 | D:3      | 1641 ||| DROPPING +0 mace.
  1657 | D:3      | Noticed Ijyb
  1670 | D:3      | Killed Ijyb
  1857 | D:3      | 1857 ||| UPGRADING to +0 cloak.
  1862 | D:3      | 1862 ||| READING scroll labelled FEITOGEMEA.
  1863 | D:3      | 1863 ||| READING scroll labelled HIOFYT JEETEA.
  1864 | D:3      | 1864 ||| READING scroll labelled YVESYO YFIG.
  1965 | D:3      | 1965 ||| READING scroll labelled EGURU EZIMOOPS.
  1966 | D:3      | 1966 ||| DRINKING 2 bubbling dark potions.
  2034 | D:4      | Found a glowing silver altar of Zin.
  2034 | D:4      | Noticed an angel
  2099 | D:4      | 2099 ||| Stepping ~*~*~tactically~*~*~ (stealth).
  2116 | D:4      | 2116 ||| Stepping ~*~*~tactically~*~*~ (hiding).
  2152 | D:4      | 2152 ||| Stepping ~*~*~tactically~*~*~ (stealth).
  2240 | D:4      | 2240 ||| Stepping ~*~*~tactically~*~*~ (hiding).
  2259 | D:4      | Identified the +8 sling of Makhleb's Delight {elec, +Blink
                  | rPois rCorr Int+3}
  2706 | D:4      | 2706 ||| DROPPING ring of magical power.
  2707 | D:4      | 2707 ||| UPGRADING to ring of resist corrosion.
  2708 | D:4      | 2708 ||| READING scroll labelled JACEEF SAF.
  2742 | D:5      | Entered Level 5 of the Dungeon
  2800 | D:5      | Reached skill level 8 in Shields
  2966 | D:5      | Noticed Blork the orc
  2972 | D:5      | Reached XP level 8. HP: 32/46 MP: 8/8
  2976 | D:5      | Killed Blork the orc
  3067 | D:5      | Noticed Menkaure
  3076 | D:5      | Killed Menkaure
  3077 | D:5      | Reached skill level 9 in Shields
  3084 | D:5      | 3084 ||| FLEEEEING.
  3085 | D:5      | 3085 ||| FLEEEEING.
  3086 | D:5      | 3086 ||| FLEEEEING.
  3089 | D:5      | 3089 ||| FLEEEEING.
  3090 | D:5      | 3090 ||| FLEEEEING.
  3091 | D:5      | 3091 ||| FLEEEEING.
  3092 | D:5      | 3092 ||| FLEEEEING.
  3096 | D:5      | 3096 ||| FLEEEEING.
  3097 | D:5      | 3097 ||| FLEEEEING.
  3098 | D:5      | 3098 ||| STAIRDANCE
  3139 | D:4      | 3139 ||| READING scroll labelled UCSIME VA JOPS.
  3143 | D:5      | 3143 ||| STAIRDANCE
  3145 | D:4      | HP: 8/46 [ogre/+0 giant spiked club (29)]
  3146 | D:4      | 3146 ||| DRINKING 2 potions of heal wounds.
  3299 | D:5      | Found a staircase to the Ecumenical Temple.
  3300 | D:5      | 3300 ||| PLANNING TEMPLE
  3333 | Temple   | Entered the Ecumenical Temple
  3403 | Temple   | 3403 ||| PLANNING D:1-11
  3425 | D:5      | 3425 ||| Stepping ~*~*~tactically~*~*~ (hiding).
  3453 | D:5      | Found Ropt's Vocational Training.
  3550 | D:5      | 3550 ||| Stepping ~*~*~tactically~*~*~ (water).
  3748 | D:6      | Reached skill level 6 in Axes
  3775 | D:6      | Reached skill level 1 in Dodging
  3800 | D:6      | 3800 ||| READING scroll of enchant weapon.
  3800 | D:6      | 3800 ||| ENCHANTING +2 war axe.
  3848 | D:6      | Noticed Eustachio
  3848 | D:6      | HP: 10/48 [gnoll bouda/+0 club (5)]
  3849 | D:6      | 3849 ||| DRINKING potion of heal wounds.
  3858 | D:6      | Reached XP level 9. HP: 26/52 MP: 9/9
  3866 | D:6      | HP: 13/52 [quasit[Eustachio] (1)]
  3869 | D:6      | HP: 4/52 [Eustachio/+3 rapier (10)]
  3872 | D:6      | Killed Eustachio
  3873 | D:6      | Reached skill level 10 in Shields
  4050 | D:6      | 4050 ||| DROPPING +0 flail of protection.
  4437 | D:6      | 4437 ||| READING scroll labelled WITWO SIANATE.
  4438 | D:6      | 4438 ||| READING scroll labelled JAID XEMIUPY.
  4439 | D:6      | 4439 ||| READING 2 scrolls of identify.
  4439 | D:6      | 4439 ||| IDENTIFYING sedimented red potion
  4633 | D:7      | 4633 ||| DROPPING +1 flail of protection.
  4685 | D:7      | 4685 ||| Stepping ~*~*~tactically~*~*~ (stealth).
  4686 | D:7      | 4686 ||| Stepping ~*~*~tactically~*~*~ (stealth).
  4696 | D:7      | HP: 13/54 [wight/+4 flail (5)]
  4702 | D:7      | Reached skill level 11 in Shields
  4725 | D:7      | 4725 ||| FLEEEEING.
  4726 | D:7      | 4726 ||| FLEEEEING.
  4727 | D:7      | 4727 ||| FLEEEEING.
  4728 | D:7      | 4728 ||| FLEEEEING.
  4729 | D:7      | 4729 ||| FLEEEEING.
  4730 | D:7      | 4730 ||| FLEEEEING.
  4731 | D:7      | 4731 ||| FLEEEEING.
  4732 | D:7      | 4732 ||| FLEEEEING.
  4733 | D:7      | 4733 ||| FLEEEEING.
  4734 | D:7      | 4734 ||| FLEEEEING.
  4735 | D:7      | 4735 ||| FLEEEEING.
  4736 | D:7      | 4736 ||| FLEEEEING.
  4737 | D:7      | 4737 ||| FLEEEEING.
  4738 | D:7      | 4738 ||| FLEEEEING.
  4739 | D:7      | 4739 ||| FLEEEEING.
  4740 | D:7      | 4740 ||| FLEEEEING.
  4741 | D:7      | 4741 ||| FLEEEEING.
  4742 | D:7      | 4742 ||| FLEEEEING.
  4743 | D:7      | 4743 ||| FLEEEEING.
  4744 | D:7      | 4744 ||| FLEEEEING.
  4745 | D:7      | 4745 ||| FLEEEEING.
  4746 | D:7      | 4746 ||| FLEEEEING.
  4747 | D:7      | 4747 ||| FLEEEEING.
  4748 | D:7      | 4748 ||| FLEEEEING.
  4749 | D:7      | 4749 ||| FLEEEEING.
  4750 | D:7      | 4750 ||| FLEEEEING.
  4751 | D:7      | 4751 ||| FLEEEEING.
  4752 | D:7      | 4752 ||| FLEEEEING.
  4753 | D:7      | 4753 ||| FLEEEEING.
  4754 | D:7      | 4754 ||| FLEEEEING.
  4755 | D:7      | 4755 ||| FLEEEEING.
  4756 | D:7      | 4756 ||| STAIRDANCE
  4847 | D:6      | 4847 ||| UPGRADING to +0 plate armour.
  4857 | D:6      | 4857 ||| DROPPING +0 chain mail.
  4858 | D:6      | 4858 ||| READING scroll labelled ZUURRAGA PUVA.
  4916 | D:7      | HP: 7/54 [orc priest/divine providence (11)]
  4918 | D:7      | Killed from afar by an orc priest

Levels and vault maps discovered:
D:1:      minmay_arrival_five_plusses, layout_rooms,
          shapermc_ecumenical_altar_flowoftime
D:2:      layout_loops_ring
D:3:      layout_basic, gammafunk_ghost_mausoleum, grunt_decor_arrowhead,
          uniq_grinder, uniq_ijyb, uniq_sigmund, uniq_jessica
D:4:      layout_basic, zin_angel
D:5:      layout_basic, temple_doors_e, chequers_serial_rivers_micro_a,
          nicolae_shop_vocational, uniq_blork_the_orc, uniq_menkaure
D:6:      layout_basic, water_boxes_lemuel, uniq_eustachio
D:7:      layout_loops_ring, makhleb_altar_promises_db
Temple:   compressed_dpeg_circular_temple

Skill      XL: |  1  2  3  4  5  6  7  8  9 |
---------------+----------------------------+-----
Axes           | 2 3 5 6 7 |  7.1
Shields        | 6 7 8 9 11 | 11.0
Fighting       | 4 5 |  5.1
Dodging        | 1 |  1.6
Armour         | 4 |  4.3

Action                     |  1- 3 |  4- 6 |  7- 9 || total
---------------------------+-------+-------+-------++-------
  Melee: War axe           |   104 |    29 |   350 ||   483
  Throw: Boomerang         |       |       |    31 ||    31
    Use: Scroll            |     9 |       |    11 ||    20
         Potion            |       |       |     3 ||     3
 Armour: Scale mail        |    33 |       |       ||    33
         Chain mail        |    17 |    11 |   203 ||   231
         Plate armour      |       |       |    10 ||    10
  Dodge: Dodged            |    36 |     9 |    87 ||   132
  Block: Buckler           |    13 |       |       ||    13
         Tower shield      |    32 |    20 |   338 ||   390

Table legend:
 A = Non-vault XP
 B = Vault XP
 C = Vault XP percentage of total XP
 D = Non-vault monster count
 E = Vault monster count
 F = Vault count percentage of total count
                 A         B        C        D         E       F
            +---------+---------+-------+---------+---------+-------
      Total |    3079 |    1051 |  25.4 |     125 |       7 |   5.3
            +---------+---------+-------+---------+---------+-------
        D:1 |      31 |       0 |   0.0 |      19 |       0 |   0.0
        D:2 |      36 |       0 |   0.0 |      14 |       0 |   0.0
        D:3 |      44 |     589 |  93.0 |      17 |       4 |  19.0
        D:4 |     178 |       0 |   0.0 |      18 |       0 |   0.0
        D:5 |     543 |     265 |  32.8 |      13 |       2 |  13.3
        D:6 |     792 |     197 |  19.9 |      19 |       1 |   5.0
        D:7 |    1455 |       0 |   0.0 |      25 |       0 |   0.0
            +---------+---------+-------+---------+---------+-------
